 Dungeon Crawl Stone Soup version 0.29-a0-925-g0a7a3d12f8 (webtiles) character file.

Game seed: 7634300428188983604

186 gelatine the Chopper (level 5, -4/39 HPs)
             Began as a Demonspawn Gladiator on July 28, 2022.
             Slain by Grinder (6 damage)
             ... on level 3 of the Dungeon.
             The game lasted 00:09:18 (2653 turns).

gelatine the Chopper (Demonspawn Gladiator)         Turns: 2653, Time: 00:09:18

Health: -4/39      AC: 12    Str: 16    XL:     5   Next: 38%
Magic:  0/5        EV:  8    Int:  9    God:
Gold:   166        SH:  0    Dex: 21    Spells: 4/4 levels left

rFire   . . .      SeeInvis .   a - +0 war axe
rCold   . . .      Faith    .   (no shield)
rNeg    . . .      Spirit   +   g - +0 chain mail
rPois   .          Reflect  .   c - +0 helmet
rElec   .          Harm     .   k - +0 cloak
rCorr   .          Rampage  .   (no gloves)
Will    .....                   (no boots)
Stlth   ..........              s - amulet of guardian spirit
HPRegen 0.13/turn               w - +6 ring of dexterity
MPRegen 0.09/turn               (no ring)

@: silenced, studying Dodging
A: slimy green scales 1, ignite blood 1
a: no special abilities


You were on level 3 of the Dungeon.
You visited 1 branch of the dungeon, and saw 3 of its levels.

You collected 166 gold pieces.

Inventory:

Hand Weapons
 a - a +0 war axe (weapon)
 m - a +3 rapier
Armour
 b - a +0 leather armour
 c - a +0 helmet (worn)
 g - a +0 chain mail (worn)
 k - a +0 cloak (worn)
Magical Staves
 t - a staff of poison
Jewellery
 s - an amulet of guardian spirit (around neck)
 w - a +6 ring of dexterity (left hand)
Wands
 A - a wand of paralysis (7)
Scrolls
 h - a scroll of magic mapping
 i - a scroll of summoning {unknown}
 j - a scroll of poison {unknown}
 l - a scroll of teleportation {unknown}
 n - a scroll of silence
 o - 2 scrolls of blinking {unknown}
 p - a scroll of fear {unknown}
 r - a scroll of amnesia
 u - a scroll of brand weapon {unknown}
 y - a scroll of enchant armour {unknown}
Potions
 f - a potion of curing
 v - 2 potions of might {unknown}
 x - a potion of haste {unknown}
 z - 2 potions of heal wounds {unknown}


   Skills:
 + Level 2.5 Fighting
 + Level 4.3 Axes
 + Level 2.0 Throwing
 + Level 1.6 Armour
 * Level 3.7 Dodging


You had 4 spell levels left.
You didn't know any spells.
Your spell library contained the following spells:

 Spells                   Type           Power      Damage    Failure   Level
 Sublimation of Blood     Necr           0%         N/A       100%        2
 Gell's Gravitas          Tloc           0%         N/A       100%        3
 Lesser Beckoning         Tloc           0%         N/A       100%        3
 Summon Guardian Golem    Hex/Summ       0%         N/A       100%        3
 Teleport Other           Tloc           0%         N/A       100%        3
 Cause Fear               Hex            0%         N/A       100%        4
 Petrify                  Tmut/Erth      0%         N/A       100%        4
 Irradiate                Conj/Tmut      0%         3d11      100%        5
 Dragon Form              Tmut           0%         N/A       100%        7
 Orb of Destruction       Conj           0%         9d5       100%        7
 Spellforged Servitor     Conj/Summ      0%         N/A       100%        7
 Dragon's Call            Summ           0%         N/A       100%        9


Dungeon Overview and Level Annotations

Branches:
Dungeon (3/15)

Altars:
Yredelemnul

Annotations:
D:3 Grinder


Innate Abilities, Weirdness & Mutations

You are partially covered in slimy green scales. (AC +2)
Your demonic aura sometimes causes spilled blood to erupt in flames.


Message History

Grinder blinks!
As you read the scroll labelled XITUBA SUUBOLL, it crumbles to dust.
You feel aware of your surroundings.
It was a scroll of magic mapping.
As you read the scroll labelled ZIGA RUAMODESK, it crumbles to dust.
A profound silence engulfs you.
It was a scroll of silence.
Magic scrolls do not work when you're silenced!
You are too injured to fight recklessly!
Throw: 4 darts (poison)
Press: ? - help, Shift-Dir - straight line, f/p - Grinder
Aim: Grinder (silenced, heavily wounded, unaffected by silence, 61% to hit)
You throw a poisoned dart. The poisoned dart hits Grinder.
Grinder is heavily wounded.
Grinder blinks!
Throw: 3 darts (poison)
Press: ? - help, Shift-Dir - straight line, f/p - Grinder
Aim: Grinder (heavily wounded, 61% to hit)
You throw a poisoned dart.
The poisoned dart closely misses Grinder.
Throw: 2 darts (poison)
Press: ? - help, Shift-Dir - straight line, f/p - Grinder
Aim: Grinder (heavily wounded, 61% to hit)
You throw a poisoned dart. The poisoned dart hits Grinder.
Grinder is heavily wounded.
Throw: dart (poison)
Press: ? - help, Shift-Dir - straight line, f/p - Grinder
Aim: Grinder (heavily wounded, 61% to hit)
You throw a poisoned dart.
The poisoned dart barely misses Grinder.
You see here a throwing net.
You slash Grinder!
Grinder is severely wounded.
Grinder barely misses you. Grinder gestures at you.
You barely resist. You slash Grinder!
Grinder is almost dead.
Grinder hits you.
* * * LOW HITPOINT WARNING * * *
You writhe in agony.
You die...

#....<<.# #.#
*, ####.####
#.# *, #.#
*,* ** #.#
*,* #.# *,*
#.# *,* #.#
*,*
#.########.#
#.(.@5.(.((#
*
#########..#
** *,,* *,
*,** *, *,*
*, *,* *, *,*
*, *,* *,
*>**********,


You could see Grinder (unsilenced).

Vanquished Creatures
  Terence (D:3)
  Ijyb (D:3)
  Robin (D:3)
  2 adders (D:3)
  2 worms
  6 dart slugs
  2 orcs (D:3)
  7 ball pythons
  5 bats
  8 endoplasms
  14 giant cockroaches
  7 goblins
  4 hobgoblins
  3 jackals (D:1)
  5 kobolds
  2 quokkas (D:3)
  4 frilled lizards
  4 rats
78 creatures vanquished.

Notes
Turn   | Place    | Note
-------+----------+-------------------------------------------
     0 | D:1      | gelatine the Demonspawn Gladiator began the quest for the
                  | Orb.
     0 | D:1      | Reached XP level 1. HP: 16/16 MP: 1/1
   189 | D:1      | Gained mutation: You are partially covered in slimy green
                  | scales. (AC +2) [demonic ancestry]
   189 | D:1      | Reached XP level 2. HP: 20/22 MP: 2/2
   191 | D:1      | Reached skill level 3 in Axes
   348 | D:1      | Reached XP level 3. HP: 19/27 MP: 3/3
  1134 | D:2      | Found a basalt altar of Yredelemnul.
  1149 | D:2      | Identified a scroll of acquirement
  1150 | D:2      | Acquired a manual of Dodging
  1510 | D:2      | Found a faded altar of an unknown god.
  1835 | D:3      | Noticed Terence
  1869 | D:3      | Killed Terence
  1870 | D:3      | Reached skill level 1 in Armour
  1870 | D:3      | Gained mutation: Your demonic aura sometimes causes spilled
                  | blood to erupt in flames. [demonic ancestry]
  1870 | D:3      | Reached XP level 4. HP: 25/34 MP: 4/4
  1893 | D:3      | Noticed Robin
  1912 | D:3      | Killed Robin
  2244 | D:3      | Reached skill level 4 in Axes
  2384 | D:3      | Reached XP level 5. HP: 37/39 MP: 5/5
  2515 | D:3      | Noticed Ijyb
  2525 | D:3      | Killed Ijyb
  2625 | D:3      | Noticed Grinder
  2653 | D:3      | Slain by Grinder

Illustrated notes

Levels and vault maps discovered:
D:1:      minmay_arrival_three_doors, layout_basic,
          minmay_misc_feat_four_crosses
D:2:      layout_basic, basic_altar, shapermc_ecumenical_altar_mp_ritualfount
D:3:      minmay_roachtagon, layout_loops_ring, uniq_ijyb, uniq_terence,
          uniq_robin, uniq_grinder

Skill      XL: |  1  2  3  4 |
---------------+-------------+-----
Axes           | 3 4 |  4.3
Throwing       | 2 |  2.0
Dodging        | 3 |  3.7
Armour         | 1 |  1.6
Fighting       | |  2.5

Action                   |  1- 3 |  4- 6 || total
-------------------------+-------+-------++-------
Melee: War axe           |   113 |    80 ||   193
       Punch             |     1 |       ||     1
Throw: Throwing net      |     3 |     1 ||     4
       Dart              |     3 |     5 ||     8
       Javelin           |     1 |     1 ||     2
  Use: Scroll            |     6 |     2 ||     8
       Potion            |     1 |     1 ||     2
 Stab: Sleeping          |     1 |       ||     1
Armor: Leather armour    |    16 |       ||    16
       Chain mail        |    70 |    47 ||   117
Dodge: Dodged            |    72 |    45 ||   117

Table legend: (Time is in decaauts)
 A = Elapsed time spent in this place.
 B = Non-inter-level travel time spent in this place.
 C = Inter-level travel time spent in this place.
 D = Time resting spent in this place.
 E = Time spent auto-exploring this place.
 F = Levels seen in this place.
 G = Mean time per level.
                   A        B        C        D        E       F      G
               +--------+--------+--------+--------+--------+-----+--------+
         Total |   2713 |   2563 |    150 |      0 |   1870 |   3 |  904.3 |
       Dungeon |   2713 |   2563 |    150 |      0 |   1870 |   3 |  904.3 |
               +--------+--------+--------+--------+--------+-----+--------+

Top non-repeatable levels by time:
     D:3: 940 daAuts
     D:2: 919 daAuts
     D:1: 854 daAuts
